AoeStats
← er47777459

Arabia

509593056Analyzed
1v1 RM · 6d ago on Sep 27, 2026· 44m 16s· 2 players
Game mode
Random Map
Map size
Tiny (2 player)
Population
200
Speed
Normal
Resources
Standard
Victory
Conquest
Starting age
Dark Age
Ending age
Imperial Age
RankedLock teamsTeams togetherTeam positionsShared explorationLock speedFull tech treeHidden civsTurbo modeCheats
Victory
Defeat
🇦🇷 Magyars · Argentina
1084
+15
🇨🇴 Varangians · Colombia
1065
-15
Ux'CadaHB
6:54 Loom
9:24 Feudal Age
9:43 Man-at-Arms
14:56 Fletching
16:23 Padded Archer Armor
23:25 Castle Age
21:46 Double-Bit Axe
23:58 Wheelbarrow
23:58 Scale Barding Armor
23:29 Crossbowman
23:46 Pikeman
24:44 Bodkin Arrow
27:25 Wheelbarrow
27:15 Forging
29:25 Iron Casting
29:36 Bloodlines
30:17 Horse Collar
33:50 Chain Barding Armor
37:07 Imperial Age
36:51 Hand Cart
39:08 Plate Barding Armor
40:03 Blast Furnace
42:21 Chemistry
41:41 Ballistics
42:00 Cavalier
er47777459
8:49 Loom
10:47 Feudal Age
11:44 Double-Bit Axe
22:18 Castle Age
20:23 Horse Collar
20:52 Gold Mining
21:49 Bloodlines
22:52 Scale Barding Armor
23:47 Bow Saw
26:03 Chain Barding Armor
29:09 Husbandry
30:18 Heavy Plow
34:18 Gold Shaft Mining
36:43 Wheelbarrow
35:54 Town Watch
39:04 Imperial Age
36:54 Corvinian Army
41:14 Plate Barding Armor
41:55 Chemistry
41:45 Conscription
42:36 Fletching
42:46 Padded Archer Armor
43:10 Ballistics
43:00 Masonry
42:59 Heavy Cavalry Archer
44:05 Parthian Tactics
43:49 Recurve Bow
44:09 Conscription
Connection lost

Rejoining the realm…

Still unreachable

The connection could not be restored.

Session expired

The server has moved on; the page needs a fresh start.